 Dungeon Sprint DCSS version 0.28-a0-1412-gf95308ed99 (webtiles) character file.

Game seed: 5247378376044911276

7 brmiller01 the Skirmisher (level 2, 0/20 HPs)
             Began as a Gargoyle Berserker on Jan 6, 2022.
             Was a Believer of Trog.
             Slain by an ice beast (14 damage)
             ... in the Dungeon (Sprint IX: "|||||||||||||||||||||||||||||").
             The game lasted 00:00:11 (34 turns).

brmiller01 the Skirmisher (Gargoyle Berserker)        Turns: 34, Time: 00:00:12

Health: 0/20       AC:  5    Str: 20    XL:     2   Next: 0%
Magic:  2/2        EV: 11    Int:  7    God:    Trog [**....]
Gold:   0          SH:  0    Dex:  9    Spells: 1/1 levels left

rFire   . . .      SeeInvis .   a - +0 hand axe
rCold   . . .      Faith    .   (no shield)
rNeg    + . .      Spirit   .   b - +0 animal skin
rPois   ∞          Reflect  .   (no helmet)
rElec   +          Harm     .   (no cloak)
rCorr   .          Rampage  .   (no gloves)
Will    .....      NoTele   +   (no boots)
Stlth   +.........              (no amulet)
HPRegen 0.06/turn               (no ring)
MPRegen 0.08/turn               (no ring)

@: no status effects
A: sickness immunity, AC +2, negative energy resistance 1, electricity
resistance, torment resistance 1, petrification resistance
a: Renounce Religion, Berserk, Trog's Hand


You were in the Dungeon.
You worshipped Trog.
Trog was pleased with you.
You visited 1 branch

Inventory:

Hand Weapons
 a - a +0 hand axe (weapon)
Armour
 b - a +0 animal skin (worn)
Scrolls
 h - a scroll of blinking
Potions
 c - a potion of curing
 d - a potion of heal wounds
 e - a potion of haste
 f - 2 potions of magic
 g - a potion of berserk rage


   Skills:
 + Level 3.9 Fighting
 * Level 3.6 Axes
 + Level 3.0 Armour
 - Level 1.5 Dodging


You had one spell level left.
You didn't know any spells.
Your spell library was empty.

Dungeon Overview and Level Annotations

Branches:
Dungeon (1/1)

Altars:


Innate Abilities, Weirdness & Mutations

You are immune to sickness and miasma.
Your stone body is resilient. (AC +2)
You are immune to poison.
You resist negative energy. (rN+)
You are resistant to electric shocks. (rElec)
You are resistant to unholy torment.
You are immune to petrification.


Message History

The bat is severely wounded.
The bat closely misses you.
You completely miss the bat.
The bat is severely wounded.
The bat closely misses you. x2
You hit the bat.
You kill the bat!
Trog accepts your kill.
You see here a bat corpse.
You open the door.
An iguana, an ice beast, an orc, a zombie and a skeleton come into view.
The iguana hisses angrily.
You hit the orc.
The orc is heavily wounded.
The orc hits you with a +0 club.
You hit the orc but do no damage.
The orc is heavily wounded.
The orc barely misses you. x2
You hit the orc but do no damage.
The orc is heavily wounded.
The orc barely misses you.
You hit the orc.
You kill the orc!
Trog accepts your kill.
The bat skeleton hits you but does no damage. x2
Your Armour skill increases to level 3!
You have reached level 2!
You hit the bat skeleton.
The bat skeleton is heavily damaged.
The bat skeleton misses you. The bat skeleton barely misses you.
The bat skeleton completely misses you.
You barely miss the bat skeleton.
The bat skeleton is heavily damaged.
The bat skeleton hits you. The bat skeleton misses you.
The bat skeleton barely misses you.
You hit the ice beast but do no damage. You closely miss the ice beast.
The ice beast hits you. The ice beast freezes you!
Ouch! That really hurt!
You die... ▓▓▓▓▓▓▓▓▓▓▓▓▓▓▓▓▓▓ ▓<...)....@YlZZ..+ ▓▓▓▓▓▓▓▓▓▓▓▓▓▓▓▓▓▓

You could see an ice beast, an iguana, a giant cockroach zombie and a bat skeleton.

Vanquished Creatures
  An orc (D)
  A bat (D)
  A hobgoblin (D)
  A ball python (D)
  A frilled lizard (D)
  A kobold (D)
6 creatures vanquished.

Notes
Turn   | Place    | Note
-------+----------+-------------------------------------------
     0 | D        | brmiller01 the Gargoyle Berserker began the quest for the
                  | Orb.
     0 | D        | Reached XP level 1. HP: 14/14 MP: 1/1
     3 | D        | Banished a spatial maelstrom
    12 | D        | Reached ** piety under Trog
    21 | D        | Banished a spatial maelstrom
    26 | D        | Noticed an ice beast
    26 | D        | Noticed an iguana
    31 | D        | Reached XP level 2. HP: 16/20 MP: 2/2
    34 | D        | Slain by an ice beast

Illustrated notes

Levels and vault maps discovered:
D:        linesprint [early_d, line_temple, items_1, d_10, items_2, lair_1,
          lair_end, items_3, orc_1, orc_end, items_4, d_15, swamp_1, shoals_1,
          snake_1, spider_1, d_20, vaults_1, items_5, swamp_end, shoals_end,
          snake_end, spider_end, vaults_end, d_27, items_6, zot_1, zot_end,
          crypt_end, forest_end, elf_end, slime_end, tomb_end, abyss_end,
          pan_hell_end]

Skill      XL: |  1 |
---------------+----+-----
Axes           | 3 |  3.6
Armour         | 3 |  3.0
Fighting       | |  3.9
Dodging        | |  1.5

Action                   || total
-------------------------++-------
Melee: Hand axe          ||    24
Armor: Animal skin       ||     9
Dodge: Dodged            ||    23

Table legend: (Time is in decaauts)
 A = Elapsed time spent in this place.
 B = Non-inter-level travel time spent in this place.
 C = Inter-level travel time spent in this place.
 D = Time resting spent in this place.
 E = Time spent auto-exploring this place.
 F = Levels seen in this place.
 G = Mean time per level.
                   A        B        C        D        E       F      G
               +--------+--------+--------+--------+--------+-----+--------+
         Total |     37 |     37 |      0 |      0 |      0 |   1 |   37.0 |
       Dungeon |     37 |     37 |      0 |      0 |      0 |   1 |   37.0 |
               +--------+--------+--------+--------+--------+-----+--------+

Top non-repeatable levels by time:
       D: 37 daAuts
